Map: Disco Bloodbath LE

Players

pHARM - Winner!

  • Race: Zerg Zerg
  • League: Platinum
  • Spawn Location: 3:00

KingScottIV

  • Race: Terran Terran
  • League: Platinum
  • Spawn Location: 9:00

VOD

Have the link to the VOD?

Description

Time

  • Played on: Aug. 31, 2019, 1:23 a.m.
  • Length: 20:24
Show
View Real Time Build Order
Export as new Build Order

pHARM Zerg - Winner!

Build Orders: Hatch First 

Get SALT Encoding   

  12  0:01  Drone  
  13  0:13  Overlord  
  13  0:20  Drone  
  14  0:31  Drone x2  
  16  0:41  Drone  
  17  0:58  Hatchery  
  17  1:00  Drone  
  17  1:01  Drone  
  18  1:15  Spawning Pool  
  17  1:20  Drone x2  
  19  1:34  Extractor  
  18  1:44  Drone  
  18  1:45  Drone  
  20  2:03  Queen  
  20  2:07  Overlord  
  22  2:09  Queen  
  22  2:11  Zergling x4  
  22  2:12  Drone  
  27  2:35  Drone x2  
  27  2:36  Drone x2  
  33  2:52  Lair  
  31  3:11  Drone  
  31  3:12  Drone x4  
  36  3:16  Overlord  
  36  3:17  Overlord  
  36  3:41  Queen  
  36  3:44  Hatchery  
  37  3:53  Drone x7  
  44  3:59  Evolution Chamber  
  44  4:01  Roach Warren  
  42  4:25  Zerg Missile Weapons Level 1  
  42  4:30  Extractor, Drone x8  
  49  4:32  Extractor  
  48  4:40  Roach Warren  
  48  4:45  Evolution Chamber  
  47  4:55  Glial Reconstitution  
  47  5:20  Zergling x2  
  47  5:21  Zergling x6  
  30  5:49  Metabolic Boost  
  30  5:54  Drone x4  
  30  5:55  Drone x9  
  43  6:09  Baneling Nest  
  42  6:25  Spine Crawler  
  42  6:30  Spore Crawler  
  40  6:44  Zerg Ground Armor Level 1, Zerg Melee Weapons Level 1  
  40  6:50  Zergling x16  
  40  6:51  Overlord, Zergling x4  
  50  7:00  Centrifical Hooks  
  50  7:04  Baneling x8  
  50  7:19  Queen  
  52  7:24  Drone x2  
  52  7:25  Drone x2  
  56  7:32  Drone  
  56  7:33  Drone  
  56  7:34  Overlord x2  
  58  7:59  Spore Crawler  
  58  8:00  Drone  
  58  8:08  Infestation Pit  
  58  8:09  Hydralisk Den  
  58  8:10  Drone  
  58  8:11  Extractor  
  56  8:18  Drone x9  
  65  8:22  Baneling  
  65  8:23  Baneling x19  
  65  8:30  Drone x3  
  68  8:52  Hive  
  68  8:53  Grooved Spines  
  68  8:55  Zergling x12  
  74  9:04  Overlord x4  
  74  9:16  Overlord x2  
  74  9:25  Zergling x18  
  83  9:35  Hydralisk  
  83  9:36  Hydralisk x5  
  73  9:58  Zergling x18  
  73  10:04  Muscular Augments  
  73  10:05  Zergling x2  
  73  10:06  Zergling x8  
  78  10:20  Baneling x2  
  78  10:21  Zergling x12  
  84  10:26  Zergling x2  
  84  10:27  Zergling x2  
  86  10:33  Baneling  
  86  10:34  Zergling x2, Baneling x12  
  86  10:35  Zergling x6  
  75  11:09  Zergling x8  
  75  11:10  Zergling x22  
  82  11:32  Drone  
  82  11:33  Drone x8  
  90  11:40  Queen x2  
  90  11:42  Hatchery  
  90  11:43  Extractor  
  90  11:44  Drone  
  90  11:45  Drone x2, Extractor  
  94  11:59  Zergling x12  
  100  12:03  Baneling  
  100  12:04  Baneling x22  
  100  12:05  Zergling x6, Baneling x3  
  103  12:19  Overlord x3  
  103  12:33  Overlord x3  
  90  13:01  Hydralisk x12  
  114  13:08  Drone x6  
  120  13:26  Ultralisk Cavern  
  109  13:47  Zergling x26  
  109  13:48  Zergling x6  
  104  13:52  Zergling x6  
  101  14:03  Zergling x12  
  101  14:07  Baneling x10  
  101  14:08  Baneling x9  
  107  14:14  Hydralisk x2  
  107  14:16  Chitinous Plating  
  111  14:35  Ultralisk x5  
  132  14:52  Queen x2  
  136  15:02  Hydralisk x3  
  121  15:36  Ultralisk  
  121  15:37  Ultralisk x2  
  121  15:38  Overlord x8  
  121  15:39  Overlord x4  
  138  15:57  Drone x14  
  138  15:58  Drone  
  152  16:36  Zergling x2  
  152  16:37  Zergling x28  
  152  16:39  Adrenal Glands  
  167  16:48  Extractor  
  167  16:49  Extractor  
  165  16:59  Zergling x2, Hatchery  
  165  17:00  Zergling x14  
  172  17:02  Baneling  
  172  17:03  Baneling x24  
  172  17:04  Baneling x4  
  172  17:37  Spire  
  171  18:10  Hatchery  
  169  18:44  Spore Crawler  
  168  18:51  Mutalisk x16  
  199  19:27  Extractor  
  196  19:31  Extractor  
  128  19:52  Overseer  
  128  19:53  Overseer  
  128  19:55  Drone x2  
  128  19:56  Drone x9  
Show
View Real Time Build Order
Export as new Build Order

KingScottIV Terran 

Build Orders: Gas First Reaper Expand 

Get SALT Encoding   

  12  0:01  SCV  
  13  0:14  SCV  
  13  0:20  Supply Depot  
  14  0:27  SCV  
  15  0:28  Refinery  
  15  0:42  SCV  
  16  0:48  Barracks  
  16  0:54  SCV  
  17  1:06  SCV  
  18  1:18  SCV  
  19  1:35  Orbital Command, Reaper  
  20  1:44  Command Center  
  20  1:57  Factory  
  20  2:01  Refinery  
  20  2:05  SCV  
  21  2:10  Barracks Reactor  
  21  2:16  Supply Depot  
  21  2:20  SCV  
  22  2:32  SCV  
  23  2:42  Factory Tech Lab  
  23  2:45  Starport  
  23  2:49  SCV  
  23  2:50  Marine  
  25  2:54  Marine  
  26  3:02  SCV  
  27  3:08  Orbital Command  
  27  3:17  Siege Tank  
  27  3:18  Marine  
  31  3:24  Marine  
  31  3:25  SCV  
  33  3:30  Medivac  
  35  3:35  Marine  
  35  3:41  SCV  
  37  3:42  Marine  
  37  3:46  Supply Depot  
  38  3:53  Marine, SCV x2  
  38  3:55  Siege Tank  
  44  3:59  Marine  
  45  4:07  SCV  
  45  4:08  SCV, Viking  
  49  4:17  Marine  
  50  4:28  SCV x2  
  52  4:40  SCV, Barracks x2  
  52  4:43  SCV  
  54  4:46  Starport Tech Lab  
  54  4:58  Supply Depot  
  54  5:08  Marine  
  54  5:19  Marine, Siege Tank, SCV x2  
  60  5:31  SCV x2  
  60  5:34  Marine x2  
  61  5:46  SCV x2  
  62  5:58  Barracks Reactor  
  62  6:00  Barracks  
  62  6:04  Barracks  
  62  6:05  Orbital Command  
  62  6:06  Starport Reactor  
  62  6:11  Supply Depot  
  62  6:32  Marine x2  
  62  6:33  Siege Tank, SCV, Marauder  
  62  6:36  Stimpack  
  62  6:39  Supply Depot  
  70  6:41  Supply Depot  
  70  6:50  Barracks Tech Lab  
  70  6:52  Barracks Reactor  
  70  7:00  Marine x2, SCV x2, Medivac x2  
  78  7:03  Marauder  
  78  7:07  Siege Tank  
  78  7:08  Marine x2  
  85  7:09  Refinery  
  85  7:10  Combat Shield, Refinery  
  85  7:13  SCV  
  86  7:18  Supply Depot  
  86  7:22  Supply Depot  
  86  7:29  Supply Depot  
  86  7:38  Command Center  
  86  7:40  Marine x2, SCV  
  86  7:41  Marine  
  86  7:42  Marine x3  
  97  7:44  Marauder x2  
  97  7:50  Medivac x2  
  101  7:53  SCV x2  
  103  8:01  Marine x4  
  103  8:02  Marine  
  108  8:06  Marauder  
  110  8:14  Supply Depot x2  
  110  8:16  Marauder  
  110  8:18  Marine  
  110  8:19  Marine  
  114  8:27  Marauder  
  116  8:38  Supply Depot x2  
  118  8:41  Marauder  
  118  8:42  Marine x2  
  121  8:48  SCV x2  
  121  8:49  Marauder  
  124  9:00  SCV  
  127  9:03  SCV, Marauder  
  127  9:05  Engineering Bay  
  128  9:11  Marine x4  
  128  9:12  Marauder  
  128  9:13  Siege Tank  
  137  9:19  Orbital Command  
  139  9:24  Marauder  
  139  9:31  Marine x6  
  125  9:52  Marine x3  
  113  9:53  Marine x2  
  112  10:08  Marine x2  
  112  10:09  Marine  
  112  10:12  SCV x2  
  112  10:13  Terran Infantry Weapons Level 1  
  116  10:17  Barracks  
  116  10:18  Barracks  
  116  10:20  Barracks  
  116  10:28  Marine x7  
  119  10:30  Marauder  
  125  10:47  Marauder  
  125  10:48  Marine x6  
  133  10:51  Marauder  
  113  11:08  Marauder  
  102  11:12  Marauder  
  102  11:13  Marine x7  
  102  11:14  Marine  
  102  11:16  Marine  
  111  11:29  Marine  
  111  11:30  Marine  
  111  11:31  Marine x2  
  115  11:33  Barracks Reactor  
  115  11:34  Marauder, Barracks Reactor  
  115  11:35  Siege Tank  
  115  11:36  Medivac x2  
  124  11:41  Barracks Tech Lab  
  124  11:45  Marine x2, Command Center  
  124  11:46  Marine  
  125  11:47  Marauder  
  125  11:48  Marine  
  125  11:49  Marine  
  129  11:55  Marauder  
  131  12:03  Marine x3, Refinery  
  131  12:05  Refinery  
  131  12:07  Siege Tank  
  137  12:08  Marine x2  
  137  12:09  Marine x3, Marauder  
  137  12:13  Marine x2  
  137  12:14  Marine  
  147  12:17  Marauder  
  147  12:21  Marine  
  150  12:23  Terran Infantry Armor Level 1, Supply Depot  
  150  12:27  Marine x4, Armory  
  150  12:28  Marine x2, Engineering Bay  
  156  12:30  Marauder  
  156  12:33  Refinery  
  156  12:36  Refinery  
  158  12:38  Marauder  
  158  12:39  Siege Tank  
  158  12:40  Marine x3  
  164  12:45  Marine x3  
  164  12:46  Liberator  
  141  12:51  Marauder  
  141  12:52  Marine x2  
  141  12:53  Marine  
  141  12:54  Marauder  
  146  12:59  Marauder  
  146  13:01  Marine x2  
  147  13:12  Medivac  
  149  13:13  Marauder  
  149  13:15  SCV, Marauder  
  149  13:16  SCV  
  155  13:21  Marauder, Planetary Fortress  
  157  13:28  SCV  
  157  13:32  Ghost Academy, Terran Infantry Weapons Level 2  
  157  13:33  Marine, Terran Vehicle Weapons Level 1  
  157  13:34  Marine x3, Marauder  
  164  13:46  Marine x4  
  126  13:50  Marine x2  
  126  13:52  Marine x3  
  126  13:53  Marine x2  
  130  13:56  Siege Tank, Medivac x2  
  130  13:57  Marauder x2  
  141  14:04  Marine x3  
  144  14:11  Ghost  
  144  14:12  Marine x3  
  149  14:18  Ghost x2  
  149  14:20  Marine x4  
  157  14:28  Siege Tank  
  157  14:31  Marine  
  157  14:32  Marine x3, Liberator  
  157  14:33  Liberator  
  161  14:40  Marauder  
  161  14:44  Marine x3  
  159  14:47  Marauder x2  
  159  14:50  Marine  
  159  14:51  Marine x3  
  173  15:00  Siege Tank  
  173  15:01  Ghost  
  173  15:04  Marine x3  
  181  15:08  Marauder  
  181  15:09  Marauder  
  177  15:15  Marine x4  
  177  15:16  Marine x3  
  164  15:23  Marine x2  
  165  15:29  Ghost x2  
  165  15:39  Marine x3  
  165  15:40  Marine x2, Medivac x2  
  170  15:48  Ghost  
  170  15:58  Ghost  
  170  16:02  Marauder  
  170  16:04  Terran Infantry Armor Level 2  
  174  16:07  Terran Vehicle Weapons Level 2, Terran Infantry Weapons Level 3  
  174  16:17  SCV  
  174  16:18  Marine x4, SCV x2, Marauder  
  176  16:19  Marine x2  
  176  16:20  Command Center  
  176  16:23  Marauder  
  184  16:27  Marauder  
  184  16:36  Personal Cloaking  
  184  16:37  Marine x4  
  188  17:07  Marine x3, Marauder, Medivac x2  
  188  17:31  Marine x4  
  188  17:32  Cyclone, SCV, Marauder x2  
  200  18:01  Planetary Fortress  
  200  18:27  Marine x2, SCV x2  
  200  18:30  Marine  
  200  18:31  Marine x2  
  197  19:20  Marine x3  
  197  19:21  Marine x3  
Tags
 
Add a new tag
Caveats
  • Supply blocks, unpowered buildings, or Contaminate may cause inaccurate times.
  • Supply counts are checked every 10 seconds.